 Dungeon Crawl Stone Soup version 0.29.0-10-g45618ea6d2 (webtiles) character file.

Game seed: 14351109005274382075

1386 Arum the Trooper (level 9, -12/72 HPs)
             Began as a Formicid Fighter on Sept 1, 2022.
             Was a Priest of Okawaru.
             Mangled by an ogre
             ... wielding a +0 giant club
              (19 damage)
             ... on level 5 of the Dungeon.
             The game lasted 00:06:24 (4922 turns).

Arum the Trooper (Formicid Fighter)                 Turns: 4922, Time: 00:06:25

Health: -12/72     AC: 10    Str: 25    XL:     9   Next: 0%
Magic:  9/11       EV: 12    Int:  8    God:    Okawaru [***...]
Gold:   259        SH:  6    Dex: 13    Spells: 8/8 levels left

rFire   . . .      SeeInvis +   a - +1 war axe
rCold   . . .      Faith    .   c - +0 buckler
rNeg    . . .      Spirit   .   b - +0 scale mail
rPois   .          Reflect  .   (helmet unavailable)
rElec   .          Harm     .   (no cloak)
rCorr   +          Rampage  .   g - +0 pair of gloves
Will    .....                   (no boots)
Stlth   +.........              (no amulet)
HPRegen 0.22/turn               r - +4 ring of slaying
MPRegen 0.12/turn               y - ring of resist corrosion

@: heroic
A: permanent stasis, dig shafts and tunnels, antennae 3, four strong arms
a: Dig, Shaft Self, Renounce Religion, Heroism


You were on level 5 of the Dungeon.
You worshipped Okawaru.
Okawaru was most pleased with you.
You visited 1 branch of the dungeon, and saw 5 of its levels.
You also visited: Sewer.

You collected 259 gold pieces.

Inventory:

Hand Weapons
 a - a +1 war axe (weapon)
 w - the +3 flail "Fuzoi" {protect, Fly rPois rC+ Dex+2}
   (You found it on level 3 of the Dungeon)

   It grants its wielder temporary protection when it strikes (+7 to AC).
   Dex:       It affects your dexterity (+2).
   rC:        It protects you from cold.
   rPois:     It protects you from poison.
   Fly:       It grants you flight.
Armour
 b - a +0 scale mail (worn)
 c - a +0 buckler (worn)
 g - a +0 pair of gloves (worn)
Jewellery
 m - a +6 ring of intelligence
 r - a +4 ring of slaying (left hand)
 y - a ring of resist corrosion (right hand)
Wands
 x - a wand of flame (12)
 A - a wand of roots (8)
Scrolls
 e - 2 scrolls of silence
 f - a scroll of magic mapping
 j - a scroll of vulnerability
 k - 2 scrolls of noise
 l - a scroll of enchant armour {unknown}
 p - a scroll of immolation
 q - a scroll of enchant weapon
 t - 2 scrolls of identify
Potions
 d - 3 potions of might
 h - 2 potions of brilliance {unknown}
 i - 3 potions of cancellation
 n - 2 potions of magic
 o - 3 potions of curing
 s - a potion of attraction {unknown}
 z - 2 potions of flight {unknown}


   Skills:
 + Level 7.1(12.1) Fighting
 + Level 6.0(11.0) Axes
 + Level 7.1(12.1) Armour
 - Level 4.0(9.0) Shields
 - Level 3.0 Invocations


You had 8 spell levels left.
You didn't know any spells.
Your spell library contained the following spells:

 Spells                   Type           Power      Damage    Failure   Level
 Freeze                   Ice            0%         1d3       69%         1
 Magic Dart               Conj           0%         1d3       69%         1
 Ensorcelled Hibernation  Hex/Ice        0%         N/A       83%         2
 Passwall                 Tmut/Erth      0%         N/A       83%         2
 Frozen Ramparts          Ice            0%         1d1       96%         3
 Inner Flame              Hex/Fire       0%         N/A       96%         3
 Mephitic Cloud           Conj/Pois/Air  0%         N/A       96%         3
 Cause Fear               Hex            0%         N/A       100%        4
 Hailstorm                Conj/Ice       0%         3d3       100%        4
 Discord                  Hex            0%         N/A       100%        8
 Call Imp                 Summ           Unusable   N/A       N/A         2
 Swiftness                Air            Unusable   N/A       N/A         3

Dungeon Overview and Level Annotations

Branches:
Dungeon (5/15)              Sewer (visited)
 Temple: D:4-7

Altars:
Dithmenos
Okawaru
Ru
Uskayaw


Innate Abilities, Weirdness & Mutations

You cannot be hasted, slowed, berserked, paralysed or teleported.
You can dig through walls and to a lower floor.
You have a pair of large antennae on your head. (SInv)
Your four strong arms can wield two-handed weapons with a shield.


Message History

Your experience leads to an increase in your attributes!
Increase (S)trength, (I)ntelligence, or (D)exterity?
You feel stronger. x2
You start resting.
You feel sick. x6
You are no longer poisoned.
You start resting.
You feel like a meek peon again.
You start resting.
Magic restored.
An ogre comes into view. It is wielding a +0 giant club.
The ogre shouts!
The ogre barely misses you.
You barely miss the ogre.
The ogre hits you with a +0 giant club!!
You hit the ogre.
The ogre is lightly wounded.
You hit the ogre.
The ogre is moderately wounded.
The ogre hits you with a +0 giant club!!
* * * LOW HITPOINT WARNING * * *
You are too injured to fight recklessly!
You are too injured to fight recklessly!
You are too injured to fight recklessly!
You are too injured to fight recklessly!
You are too injured to fight recklessly!
You are too injured to fight recklessly!
You are too injured to fight recklessly!
You hit the ogre.
The ogre is moderately wounded.
The ogre hits you with a +0 giant club!
* * * LOW HITPOINT WARNING * * *
You feel better. The ogre hits you with a +0 giant club.
* * * LOW HITPOINT WARNING * * *
You feel better.
You gain the combat prowess of a mighty hero.
You block the ogre's attack.
You barely miss the ogre.
The ogre is moderately wounded.
The ogre hits you with a +0 giant club!!
You die...

....#. .. .. . # ...#.# .#
..) . ...$. .# #.? # #...#
..!$. # #...# .#.# # #. #
.... ... .. .#...
#.##)###.##.#.#.##
##########...†...........##
#.........@####.###.##.#.##
#........O.####.###.##.#.##
#..........................
#.......)..............#...
#..........................
#..........................
#..........................
#..........###.........##..
#..........# ####......##..


You could see an ogre.

Vanquished Creatures
  Grinder (D:3)
  A black bear (D:4)
  2 ogres (D:4)
  A centaur (D:5)
  2 scorpions (D:5)
  A necrophage (D:4)
  Blork the orc (D:5)
  2 hounds
  2 jellies
  2 orc priests
  An iguana (D:5)
  4 orc wizards
  6 river rats
  11 adders
  A white imp (D:5)
  3 worms (D:4)
  2 dart slugs
  16 orcs
  16 ball pythons
  3 endoplasms
  A giant cockroach (D:3)
  7 goblins
  10 hobgoblins
  4 jackals (D:4)
  6 quokkas
  3 frilled lizards
  19 kobolds
  32 rats
160 creatures vanquished.

Notes
Turn   | Place    | Note
-------+----------+-------------------------------------------
     0 | D:1      | Arum the Formicid Fighter began the quest for the Orb.
     0 | D:1      | Reached XP level 1. HP: 18/18 MP: 1/1
   488 | D:1      | Reached XP level 2. HP: 24/24 MP: 2/2
   639 | D:1      | Found a faded altar of an unknown god.
   646 | D:1      | Prayed at the altar of an unknown god.
   646 | D:1      | Became a worshipper of Warmaster Okawaru
   646 | D:1      | Reached * piety under Okawaru
  1086 | D:2      | Reached XP level 3. HP: 29/29 MP: 3/3
  1375 | D:2      | Reached skill level 1 in Invocations
  1687 | D:3      | Noticed Grinder
  1704 | D:3      | Killed Grinder
  1704 | D:3      | Reached ** piety under Okawaru
  1705 | D:3      | Reached XP level 4. HP: 9/38 MP: 1/6
  1705 | D:3      | Reached XP level 5. HP: 10/43 MP: 1/7
  1705 | D:3      | Reached XP level 6. HP: 12/49 MP: 1/8
  2197 | D:3      | Found a sacrificial altar of Ru.
  2199 | D:3      | Identified the +3 flail "Fuzoi" {protect, Fly rPois rC+
                  | Dex+2}
  2326 | D:3      | Reached skill level 5 in Fighting
  2326 | D:3      | Reached skill level 5 in Armour
  2326 | D:3      | Reached XP level 7. HP: 28/56 MP: 6/9
  2712 | D:4      | Found a hide-covered altar of Uskayaw.
  2825 | D:4      | Reached *** piety under Okawaru
  2853 | D:4      | Found a glowing drain.
  2858 | Sewer    | Entered a sewer
  3030 | Sewer    | Reached XP level 8. HP: 64/64 MP: 7/10
  3145 | Sewer    | Identified the +2 rapier of Pafeguown {protect, Dex+3
                  | Stlth+}
  3738 | D:4      | Reached skill level 5 in Axes
  4349 | D:5      | Entered Level 5 of the Dungeon
  4359 | D:5      | Found a shadowy altar of Dithmenos.
  4465 | D:5      | Noticed Blork the orc
  4474 | D:5      | Killed Blork the orc
  4727 | D:5      | Reached XP level 9. HP: 27/72 MP: 8/11
  4918 | D:5      | HP: 2/72 [ogre/+0 giant club (12)]
  4922 | D:5      | Mangled by an ogre

Illustrated notes

Levels and vault maps discovered:
D:1:      minmay_arrival_pointy, layout_basic, nicolae_ecumenical_snake_handling
D:2:      layout_rooms
D:3:      layout_rooms, mainiacjoe_overflow_paths, uniq_grinder
D:4:      layout_basic, lemuel_doored_altar, lightli_sewer_entry_pipes,
          dk_vineyard_1, hangedman_decor_clover_reticule
D:5:      layout_basic, nicolae_dithmenos_the_darkroom, minmay_diced_spiral,
          uniq_blork_the_orc

Skill      XL: |  1  2  3  4  5  6  7  8 |
---------------+-------------------------+-----
Invocations    | 2 3 |  3.0
Fighting       | 4 5 7 |  7.1
Axes           | 3 4 6 |  6.0
Armour         | 4 5 7 |  7.1
Shields        | |  4.0

Action                   |  1- 3 |  4- 6 |  7- 9 || total
-------------------------+-------+-------+-------++-------
Melee: War axe           |    97 |    62 |   230 ||   389
Invok: Heroism           |     1 |     3 |     5 ||     9
 Abil: Dig               |       |       |     1 ||     1
  Use: Scroll            |       |       |    14 ||    14
       Potion            |       |       |     2 ||     2
Armor: Scale mail        |    40 |    26 |    96 ||   162
Dodge: Dodged            |    45 |    39 |    91 ||   175
Block: Buckler           |    17 |    23 |    54 ||    94
